 Dungeon Crawl Stone Soup version 0.27-a0-1116-g91b3acb402 (webtiles) character file.

Game seed: 11849904614164850235

6 Zeld the Grasshopper (level 1, 7/14 HPs)
             Began as an Octopode Warper on May 1, 2021.
             Quit the game on level 1 of the Dungeon.
             The game lasted 00:00:45 (284 turns).

Zeld the Grasshopper (Octopode Warper)               Turns: 284, Time: 00:00:46

Health: 7/14       AC:  1    Str: 10    XL:     1   Next: 90%
Magic:  3/3        EV: 13    Int: 15    God:
Gold:   69         SH:  0    Dex: 11    Spells: 4/4 levels left

rFire    . . .     SeeInvis .     - Unarmed
rCold    . . .     Faith    .   (no shield)
rNeg     . . .     Spirit   .   (helmet restricted)
rPois    .         Reflect  .   (no amulet)
rElec    .         Harm     .   (no ring)
rCorr    .         Rampage  .   (no ring)
Will     .....                  (no ring)
Stlth    ++........             (no ring)
HPRegen  0.04/turn              (no ring)
MPRegen  0.08/turn              (no ring)
                                (no ring)
                                (no ring)

@: no status effects
A: almost no armour, amphibious, 8 rings, camouflage 1, gelatinous body 1,
(nimble swimmer 1), tentacles
a: no special abilities


You were on level 1 of the Dungeon.
You visited 1 branch of the dungeon, and saw 1 of its levels.

You collected 69 gold pieces.

Inventory:

Scrolls
 a - a scroll of teleportation {unknown}
 b - 2 scrolls of blinking


   Skills:
 + Level 2.0 Fighting
 + Level 1.0 Throwing
 + Level 2.4 Dodging
 + Level 2.0 Unarmed Combat
 + Level 2.0 Spellcasting
 + Level 3.2 Translocations


You had 4 spell levels left.
You didn't know any spells.
Your spell library contained the following spells:

 Spells                   Type           Power      Damage    Failure   Level
 Blink                    Tloc           N/A        N/A       9%          2
 Gell's Gravitas          Tloc           5%         N/A       17%         3
 Lesser Beckoning         Tloc           5%         N/A       17%         3
 Teleport Other           Tloc           11%        N/A       17%         3
 Magic Dart               Conj           4%         1d3       22%         1
 Call Imp                 Summ           1%         N/A       32%         2
 Slow                     Hex            1%         N/A       32%         2
 Conjure Flame            Conj/Fire      1%         6-21      54%         3
 Mephitic Cloud           Conj/Pois/Air  1%         N/A       54%         3
 Manifold Assault         Tloc           11%        N/A       85%         5


Dungeon Overview and Level Annotations

Branches:
Dungeon (1/15)

Altars:


Innate Abilities, Weirdness & Mutations

You cannot wear most types of armour.
You are amphibious.
You can wear up to eight rings at the same time.
Your skin changes colour to match your surroundings (Stealth+).
Your rubbery body absorbs attacks. (AC +1, EV +1)
((You are camouflaged near water. (Stealth+)))
You have tentacles for arms and can constrict up to eight enemies at once.


Message History

No target in view!
No target in view!
You now have 69 gold pieces (gained 16).
b - 2 scrolls of blinking (gained 1)
You pick up a book of Minor Magic and begin reading...
You add the spells Magic Dart, Call Imp, Slow, Conjure Flame and Mephitic Cloud to your library.
A quokka comes into view.
Okay, then.
You don't know any spells.
Sorry, you're not good enough to have a special ability.
Unknown command.
You don't know any spells.
Sorry, you're not good enough to have a special ability.
Unknown command.
The quokka misses you. The quokka misses you.
You tentacle-slap the quokka. Your grab misses the quokka.
The quokka is heavily wounded.
The quokka bites you.
You barely miss the quokka. Your grab misses the quokka.
Your squeeze misses the quokka.
The quokka is heavily wounded.
The quokka bites you.
You are too injured to fight recklessly!
You are too injured to fight recklessly!
You barely miss the quokka. You grab the quokka.
The quokka is heavily wounded.
You constrict the quokka, but do no damage.
The quokka closely misses you.
You are too injured to fight recklessly!
You are too injured to fight recklessly!
You are too injured to fight recklessly!
You barely miss the quokka.
The quokka is heavily wounded.
You constrict the quokka. The quokka barely misses you.
You are too injured to fight recklessly!
You tentacle-slap the quokka.
You kill the quokka!
You are too injured to fight recklessly!
Are you sure you want to abandon this character and quit the game? (Confirm with "yes".)

##..##.##.##....#....#...#..#####
#..#..#.##...#...................
#################################
####################....
........................
#..........#########....
...........# ##... #..........#
##.. #......@...# ###
#..........# #..........#
#..........# #..........#
#..........# ############


There were no monsters in sight!

Vanquished Creatures
  A ball python (D:1)
  An endoplasm (D:1)
  A hobgoblin (D:1)
  A quokka (D:1)
  A rat (D:1)
5 creatures vanquished.

Notes
Turn   | Place    | Note
-------+----------+-------------------------------------------
     0 | D:1      | Zeld the Octopode Warper began the quest for the Orb.
     0 | D:1      | Reached XP level 1. HP: 14/14 MP: 3/3
   143 | D:1      | Found a faded altar of an unknown god.
   284 | D:1      | Quit the game

Illustrated notes

Levels and vault maps discovered:
D:1:      erik_arrival_cave_to_civilisation [erik_arrival_cave_to_temple],
          layout_rooms, ebering_ecumenical_altar_ruins

Action                   || total
-------------------------++-------
Melee: Unarmed           ||    10
       Constrict         ||     2
       Tentacles         ||     1
Throw: Boomerang         ||     5
Armor: Skin              ||     1
Dodge: Dodged            ||    11

Table legend: (Time is in decaauts)
 A = Elapsed time spent in this place.
 B = Non-inter-level travel time spent in this place.
 C = Inter-level travel time spent in this place.
 D = Time resting spent in this place.
 E = Time spent auto-exploring this place.
 F = Levels seen in this place.
 G = Mean time per level.
                   A        B        C        D        E       F      G
               +--------+--------+--------+--------+--------+-----+--------+
         Total |    284 |    284 |      0 |      0 |    242 |   1 |  284.0 |
       Dungeon |    284 |    284 |      0 |      0 |    242 |   1 |  284.0 |
               +--------+--------+--------+--------+--------+-----+--------+

Top non-repeatable levels by time:
     D:1: 284 daAuts
